 Dungeon Crawl Stone Soup version 0.29.1-2-gbd0b4ee654 (webtiles) character file.

Game seed: 15468887240821689892

283 GorkyZ the Shield-Bearer (level 6, 0/39 HPs)
             Began as a Gargoyle Fighter on Nov 23, 2022.
             Slain by ripuliukko's ghost (8 damage)
             ... on level 3 of the Dungeon.
             The game lasted 00:05:59 (3195 turns).

GorkyZ the Shield-Bearer (Gargoyle Fighter)         Turns: 3195, Time: 00:06:00

Health: 0/39       AC: 11    Str: 22    XL:     6   Next: 28%
Magic:  6/6        EV:  9    Int:  8    God:
Gold:   68         SH:  4    Dex:  9    Spells: 5/5 levels left

rFire   . . .      SeeInvis .   a - +0 war axe
rCold   . . .      Faith    .   c - +0 buckler
rNeg    + . .      Spirit   .   b - +0 scale mail
rPois   ∞          Reflect  .   (no helmet)
rElec   +          Harm     .   (no cloak)
rCorr   .          Rampage  .   (no gloves)
Will    .....                   (no boots)
Stlth   ..........              (no amulet)
HPRegen 0.13/turn               p - ring of wizardry
MPRegen 0.10/turn               (no ring)

@: no status effects
A: sickness immunity, AC +4, negative energy resistance 1, electricity
resistance, torment resistance 1, petrification resistance
a: no special abilities


You were on level 3 of the Dungeon.
You visited 1 branch of the dungeon, and saw 3 of its levels.

You collected 68 gold pieces.

Inventory:

Hand Weapons
 a - a +0 war axe (weapon)
Missiles
 g - 5 poisoned darts (quivered)
Armour
 b - a +0 scale mail (worn)
 c - a +0 buckler (worn)
Jewellery
 p - a ring of wizardry (left hand)
Scrolls
 f - a scroll of blinking {unknown}
 h - a scroll of noise {unknown}
 i - 2 scrolls of enchant weapon {unknown}
 j - a scroll of immolation {unknown}
 l - a scroll of fear {unknown}
 n - a scroll of brand weapon {unknown}
 o - a scroll of magic mapping {unknown}
 t - a scroll of vulnerability {unknown}
 u - a scroll of amnesia {unknown}
 w - a scroll of butterflies {unknown}
 x - a scroll of poison {unknown}
Potions
 d - 2 potions of might
 e - a potion of curing {unknown}
 k - a potion of ambrosia {unknown}
 m - 2 potions of mutation {unknown}
 q - a potion of heal wounds {unknown}
 r - a potion of invisibility {unknown}
 s - a potion of brilliance {unknown}
 v - a potion of magic {unknown}
 z - a potion of berserk rage {unknown}


   Skills:
 + Level 4.3 Fighting
 * Level 3.3 Axes
 + Level 2.0 Throwing
 + Level 4.3 Armour
 + Level 4.4 Shields


You had 5 spell levels left.
You didn't know any spells.
Your spell library was empty.

Dungeon Overview and Level Annotations

Branches:
Dungeon (3/15)

Altars:

Annotations:
D:3 1 runed translucent door, ripuliukko's ghost, weakling MiFi


Innate Abilities, Weirdness & Mutations

You are immune to sickness and miasma.
Your stone body is resilient. (AC +4)
You are immune to poison.
You resist negative energy. (rN+)
You are resistant to electric shocks. (rElec)
You are resistant to unholy torment.
You are immune to petrification.


Message History

You slash the worm!
You kill the worm!
Your Throwing skill increases to level 2!
You slash ripuliukko's ghost!
Ripuliukko's ghost is moderately damaged.
Ripuliukko's ghost hits you but does no damage. x2
You barely miss ripuliukko's ghost.
Ripuliukko's ghost is moderately damaged.
Ripuliukko's ghost misses you.
You barely miss ripuliukko's ghost.
Ripuliukko's ghost is moderately damaged.
Ripuliukko's ghost hits you.
Ripuliukko's ghost hits you but does no damage.
You closely miss ripuliukko's ghost.
Ripuliukko's ghost is moderately damaged.
Ripuliukko's ghost barely misses you.
You slash ripuliukko's ghost!
Ripuliukko's ghost is severely damaged.
Ripuliukko's ghost hits you.
You hit ripuliukko's ghost.
Ripuliukko's ghost is severely damaged.
Ripuliukko's ghost hits you. Ripuliukko's ghost hits you!
* * * LOW HITPOINT WARNING * * *
You hit ripuliukko's ghost.
Ripuliukko's ghost is almost destroyed.
Ripuliukko's ghost hits you but does no damage.
You barely miss ripuliukko's ghost.
Ripuliukko's ghost is almost destroyed.
Ripuliukko's ghost hits you.
* * * LOW HITPOINT WARNING * * *
You hit ripuliukko's ghost but do no damage.
Ripuliukko's ghost is almost destroyed.
Ripuliukko's ghost barely misses you. x2
You hit ripuliukko's ghost but do no damage.
Ripuliukko's ghost is almost destroyed.
Ripuliukko's ghost closely misses you.
You hit ripuliukko's ghost.
Ripuliukko's ghost is almost destroyed.
Ripuliukko's ghost hits you!
You die...

#.#
#.#.........#.##.######..
#.#
#.#####.....#.##.######..
#.# #.#
#####.#.##.....##.. #.#
#.#########.#.##.###.##..
#.# #.............##.#
#.##†. #.#
###########.####.# #.....
#.#################.# #.#
#####.
#....#Sr~~~~~~~#.##.# #.#
#....
###..+r~~~)~~~rW@...# #.#
#.... ##.#~~~~~~~~~#.#..#
#.# #...#
################.# #.#
##.## #.# ##..####.# #.#
#.#########.#......#####.#
#..........###........##.#
###########.#.####.##.##.#
##.#####.##.##.##
#.......##.>....


You could see ripuliukko's ghost and a rat.

Vanquished Creatures
  A necrophage (D:3)
  Jessica (D:3)
  Natasha (thrice) (D:3)
  5 adders
  2 worms (D:3)
  2 dart slugs
  2 ball pythons (D:1)
  4 bats
  3 endoplasms
  2 giant cockroaches
  4 goblins
  6 hobgoblins
  13 jackals (D:1)
  3 quokkas
  5 frilled lizards
  5 kobolds
  8 rats
69 creatures vanquished.

Notes
Turn   | Place    | Note
-------+----------+-------------------------------------------
     0 | D:1      | GorkyZ the Gargoyle Fighter began the quest for the Orb.
     0 | D:1      | Reached XP level 1. HP: 14/14 MP: 1/1
   118 | D:1      | Reached XP level 2. HP: 13/19 MP: 2/2
   561 | D:1      | Reached XP level 3. HP: 23/23 MP: 3/3
   918 | D:1      | Found a faded altar of an unknown god.
  1100 | D:2      | Reached skill level 1 in Throwing
  1197 | D:2      | Reached XP level 4. HP: 25/29 MP: 4/4
  1904 | D:3      | Found a runed translucent door.
  1904 | D:3      | Noticed ripuliukko's ghost (weakling MiFi)
  2004 | D:3      | Found a runed translucent door.
  2045 | D:3      | Noticed Natasha
  2054 | D:3      | Killed Natasha
  2058 | D:3      | Reached XP level 5. HP: 13/33 MP: 5/5
  2442 | D:3      | Noticed Jessica
  2453 | D:3      | Killed Jessica
  2833 | D:3      | Noticed Natasha
  2841 | D:3      | Killed Natasha
  2842 | D:3      | Reached XP level 6. HP: 30/38 MP: 6/6
  2969 | D:3      | Noticed Natasha
  2977 | D:3      | Killed Natasha
  3195 | D:3      | Slain by ripuliukko's ghost

Illustrated notes

Levels and vault maps discovered:
D:1:      minmay_arrival_loop, layout_basic, serial_glass, glass_columns_c,
          glass_columns_b, hellmonk_ecumenical_altar_heavens_door
D:2:      layout_loops_ring, minmay_pentomino_s2
D:3:      layout_loops_ring, ebering_ghost_sewer_f, minivault_25,
          grunt_ministairs_6, uniq_natasha, uniq_jessica

Skill      XL: |  1  2  3  4  5  6 |
---------------+-------------------+-----
Axes           | 2 3 |  3.3
Throwing       | 1 2 |  2.0
Fighting       | 4 |  4.3
Shields        | 4 |  4.4
Armour         | 4 |  4.3

Action                   |  1- 3 |  4- 6 || total
-------------------------+-------+-------++-------
Melee: War axe           |   113 |   111 ||   224
Armor: Scale mail        |    72 |    63 ||   135
Dodge: Dodged            |    89 |    43 ||   132
Block: Buckler           |    38 |    19 ||    57
